 Dungeon Crawl Stone Soup version 0.14-a0-3329-g86b2fc4 (webtiles) character file.

385 BluebellGnoll the Sneak (level 5, -4/24 HPs)
             Began as a Spriggan Enchanter on Mar 16, 2014.
             Slain by Grinder (8 damage)
             ... on Level 3 of the Dungeon.
             The game lasted 00:31:22 (2974 turns).

BluebellGnoll the Sneak (Spriggan Enchanter)        Turns: 2974, Time: 00:31:22

HP  -4/24        AC  3     Str  4      XL: 5   Next: 41%
MP  14/19        EV 18     Int 18      God:
Gold 194         SH  0     Dex 16      Spells:  5 memorised,  2 levels left

rFire  . . .     SeeInvis +     i - +3,+1 dagger (freeze)
rCold  . . .     Clarity  .     b - +1 robe
rNeg   . . .     Conserve .     (shield restricted)
rPois  .         rCorr    .     (helmet restricted)
rElec  .         rRot     .     (no cloak)
SustAb . .       Spirit   .     (gloves unavailable)
rMut   .         Warding  .     (boots unavailable)
Saprov . . .     Stasis   .     (no amulet)
MR     .....                    (no ring)
                                (no ring)

@: very quick, not resistant to hostile enchantments, quite stealthy
A: unfitting armour, see invisible, herbivore 3, speed 3, slow metabolism 2
a: no special abilities


You were on level 3 of the Dungeon.
You were very hungry.

You visited 1 branch of the dungeon, and saw 3 of its levels.

You collected 194 gold pieces.

Inventory:

Hand weapons
 a - a +1,+1 dagger
 i - a +3,+1 dagger of freezing (weapon)
Missiles
 d - 11 darts (quivered)
 l - 5 darts of frost
Armour
 b - a +1 robe (worn)
Comestibles
 g - 2 bread rations
Scrolls
 f - 2 scrolls of identify
 k - a scroll of teleportation
 p - a scroll of enchant armour {unknown}
 r - a scroll of remove curse
Jewellery
 q - an uncursed ring of teleportation
Potions
 e - a potion of porridge
 h - 3 potions of haste
 j - a potion of heal wounds {unknown}
 m - a potion of poison {unknown}
 n - 2 potions of curing
 o - 3 potions of might
 s - a potion of invisibility {unknown}
Books
 c - a book of Maledictions

   Spells                             Type                      Level
   *Corona                            Hexes                        1
   *Sure Blade                        Hexes/Charms                 2
   *Ensorcelled Hibernation           Hexes/Ice                    2
   *Confuse                           Hexes                        3
   *Enslavement                       Hexes                        4
   Invisibility                       Hexes                        6


   Skills:
 - Level 1.1 Short Blades
 - Level 1.1 Throwing
 - Level 3.0 Dodging
 - Level 5.7 Stealth
 * Level 5.0 Spellcasting
 + Level 4.7 Hexes


You had 2 spell levels left.
You knew the following spells:

 Your Spells              Type           Power        Failure   Level  Hunger
a - Corona                Hex            ###....      1%          1    None
b - Ensorcelled Hibernat  Hex/Ice        ##....       10%         2    #......
c - Confuse               Hex            ###.....     10%         3    ###....
d - Sure Blade            Hex/Chrm       ##........   10%         2    #......
e - Enslavement           Hex            ###.....     24%         4    ####...


Dungeon Overview and Level Annotations

Branches:
Dungeon (3/15)

Altars:
Sif Muna

Annotations:
D:3 Grinder


Innate Abilities, Weirdness & Mutations

You are tiny and cannot use many weapons and most armour.
You have supernaturally acute eyesight.
You are a herbivore.
You cover ground extremely quickly.
You need consume almost no food.


Message History

You hit Grinder.
Grinder is lightly wounded.
Grinder hits you but does no damage. The giant eyeball stares at you.
You suddenly lose the ability to move!
Grinder seems less confused.
Grinder hits you but does no damage. Grinder hits you.
You writhe in agony.
* * * LOW HITPOINT WARNING * * *
You can move again.
Unknown command.
Unknown command.
Unknown command.
Casting: Confuse
Confirm with . or Enter, or press ? or * to list all spells.
Aiming: Confuse
Press: ? - help, Shift-Dir - straight line, f/p - Grinder
Aim: Grinder (lightly wounded) Grinder resists.
You are feeling very hungry.
Grinder hits you!
You die...

# #.#
.............### #
#.# . #.#
#..........#
########.# #. #.#
##.#....)...
%........## #. #.#
#.#.......#
###########. #. ##
###...### # ..#. ..
#...# # ## ## ..##
.# #.### # .. #.
#.##.### #. #
##.#.#. #.@5G..# #.
.
........###.##s....#
# #.##.....## ..#.#
# #.###.##.# ... #
#.# #.##.# ... # #.#
#.##.# .
#######.###.##.#
.....%...##.##.#
#######...#.##.# ..


You could see Grinder, a giant eyeball and a giant cockroach.

Vanquished Creatures
  An orc priest (D:3)
  10 adders
  A giant gecko (D:3)
  9 orcs (D:3)
  6 bats
  3 giant cockroaches
  11 hobgoblins
  4 jackals
  A ball python (D:1)
  3 giant newts
  5 goblins
  9 kobolds
  7 rats
70 creatures vanquished.

Notes
Turn   | Place    | Note
--------------------------------------------------------------
     0 | D:1      | BluebellGnoll, the Spriggan Enchanter, began the quest for the Orb.
     0 | D:1      | Reached XP level 1. HP: 9/9 MP: 4/4
   166 | D:1      | Reached skill level 4 in Stealth
   190 | D:1      | Reached XP level 2. HP: 11/13 MP: 5/7
   194 | D:1      | Learned a level 2 spell: Ensorcelled Hibernation
   573 | D:1      | Reached skill level 5 in Stealth
  1255 | D:2      | Reached XP level 3. HP: 14/16 MP: 1/9
  1258 | D:2      | Learned a level 1 spell: Corona
  1262 | D:2      | Learned a level 3 spell: Confuse
  1740 | D:2      | Found a deep blue altar of Sif Muna.
  1748 | D:2      | Reached XP level 4. HP: 21/21 MP: 9/13
  1752 | D:2      | Learned a level 2 spell: Sure Blade
  2436 | D:3      | Reached XP level 5. HP: 12/24 MP: 6/18
  2442 | D:3      | Learned a level 4 spell: Enslavement
  2916 | D:3      | Reached skill level 5 in Spellcasting
  2941 | D:3      | Noticed Grinder
  2971 | D:3      | Paralysed by a giant eyeball for 2 turns
  2974 | D:3      | Slain by Grinder

Action                   |  1- 3 |  4- 6 || total
-------------------------+-------+-------++-------
Melee: Dagger            |    89 |    67 ||   156
Throw: Dart              |       |     1 ||     1
 Cast: Corona            |     8 |       ||     8
       Ensorcelled Hiber |    13 |    25 ||    38
       Confuse           |     5 |    10 ||    15
  Use: Scroll            |     6 |     4 ||    10
 Stab: Sleeping          |    13 |    23 ||    36
       Confused          |     3 |     3 ||     6
